 Dungeon Crawl Stone Soup version 0.29-a0-1019-g84f7d21838 (webtiles) character file.

Game seed: 15690639164838260195

315975 Manisian the Executioner (level 20, -2/200 HPs)
             Began as a Minotaur Fighter on Aug 10, 2022.
             Was a Follower of Yredelemnul.
             Slain by an ettin
             ... wielding a +0 dire flail
              (23 damage)
             ... on level 2 of the Depths.
             The game lasted 01:34:04 (40652 turns).

Manisian the Executioner (Minotaur Fighter)        Turns: 40652, Time: 01:34:04

Health: -2/200     AC: 38    Str: 33    XL:     20   Next: 13%
Magic:  32/32      EV:  9    Int: 10    God:    Yredelemnul [*.....]
Gold:   2782       SH: 20    Dex: 12    Spells: 19/19 levels left

rFire   + + +      SeeInvis +   k - +8 war axe "Botsiacsah" {freeze, Dex+4 SInv}
rCold   + . .      Faith    .   K - +1 kite shield {reflect}
rNeg    . . .      Spirit   .   t - +7 plate armour "Tytes" {rPois MP+9 Int+6 Dex-3}
rPois   +          Reflect  +   f - +2 hat {Int+3}
rElec   +          Harm     .   U - scarf {rC+ rF+}
rCorr   .          Rampage  +   a - +2 pair of gloves
Will    ++...                   q - +1 pair of boots {rampage}
Stlth   ..........              T - amulet of reflection
HPRegen 0.43/turn               F - ring of Eternal Harmony {rElec rF++ Will+ Str+6 Int-4}
MPRegen 0.23/turn               z - +4 ring of protection

@: no status effects
A: horns 2, retaliatory headbutt, low MP 1, weak 1
}: 3/15 runes: barnacled, abyssal, gossamer
a: Renounce Religion, Recall Undead Harvest


You were on level 2 of the Depths.
You worshipped Yredelemnul.
Yredelemnul was aware of your devotion.
You visited 8 branches of the dungeon, and saw 34 of its levels.
You visited the Abyss 2 times.
You visited 1 bazaar.
You also visited: Bailey, Gauntlet and Ice Cave.

You collected 4736 gold pieces.
You spent 1954 gold pieces at shops.

Inventory:

Hand Weapons
 d - a +0 trident of flaming
 k - the +8 war axe "Botsiacsah" (weapon) {freeze, Dex+4 SInv}
   (You took it off a hobgoblin on level 3 of the Dungeon)

   It freezes those it strikes, dealing additional cold damage.
   It can also slow down cold-blooded creatures.
   Dex:       It affects your dexterity (+4).
   SInv:      It lets you see invisible.
 v - a +5 vampiric trident
 O - a +9 scimitar of flaming
 R - the +7 long sword "Zori" {flame, Contam rF+ rCorr Dex+2}
   (You bought it in a shop in a bazaar)

   It burns those it strikes, dealing additional fire damage.
   Big, fiery blades are also staple armaments of hydra-hunters.
   Dex:       It affects your dexterity (+2).
   rF:        It protects you from fire.
   Contam:    It causes magical contamination when unequipped.
   rCorr:     It protects you from acid and corrosion.
Missiles
 H - 4 throwing nets (quivered)
Armour
 a - a +2 pair of gloves (worn)
 f - a +2 hat of intelligence (worn)
 q - a +1 pair of boots of rampaging (worn)
 t - the +7 plate armour "Tytes" (worn) {rPois MP+9 Int+6 Dex-3}
   (You found it on level 10 of the Dungeon)

   Int:       It affects your intelligence (+6).
   Dex:       It affects your dexterity (-3).
   rPois:     It protects you from poison.
   MP:        It affects your magic capacity (+9).
 K - a +1 kite shield of reflection (worn)
 L - a +2 crystal plate armour of cold resistance
 U - a scarf of resistance (worn)
Jewellery
 m - a +6 ring of strength
 z - a +4 ring of protection (right hand)
 F - the ring of Eternal Harmony (left hand) {rElec rF++ Will+ Str+6 Int-4}
   (You found it on level 1 of the Depths)

   [ring of strength]

   Str:       It affects your strength (+6).
   Int:       It affects your intelligence (-4).
   rF:        It greatly protects you from fire.
   rElec:     It insulates you from electricity.
   Will:      It increases your willpower.
 J - an amulet of regeneration
 T - an amulet of reflection (around neck)
Wands
 b - a wand of polymorph (15)
 j - a wand of quicksilver (6)
 y - a wand of mindburst (14)
 C - a wand of iceblast (22)
 I - a wand of charming (13)
 W - a wand of digging (3)
Scrolls
 c - a scroll of silence
 e - 2 scrolls of magic mapping
 g - 5 scrolls of teleportation
 i - 5 scrolls of noise
 n - 3 scrolls of fear
 p - 7 scrolls of fog
 M - 2 scrolls of poison
 N - a scroll of brand weapon
 Q - 4 scrolls of amnesia
Potions
 h - 11 potions of curing
 o - 2 potions of brilliance
 r - 2 potions of flight
 s - 4 potions of invisibility
 u - 4 potions of haste
 x - 3 potions of ambrosia
 B - 5 potions of resistance
 E - 9 potions of lignification
 V - a potion of cancellation


   Skills:
 + Level 21.9 Fighting
 * Level 9.9 Long Blades
 + Level 23.0 Axes
 + Level 18.5 Armour
 - Level 3.4 Dodging
 - Level 5.1 Stealth
 + Level 19.4 Shields
 - Level 10.0 Invocations
 + Level 1.1 Evocations


You had 19 spell levels left.
You didn't know any spells.
Your spell library contained the following spells:

 Spells                   Type           Power      Damage    Failure   Level
 Magic Dart               Conj           0%         1d3       91%         1
 Sandblast                Erth           0%         2d4       91%         1
 Sting                    Tmut/Pois      0%         1d3       91%         1
 Ensorcelled Hibernation  Hex/Ice        0%         N/A       97%         2
 Passwall                 Tmut/Erth      0%         N/A       97%         2
 Poisonous Vapours        Pois/Air       0%         N/A       97%         2
 Static Discharge         Conj/Air       0%         3-3/arc   97%         2
 Sublimation of Blood     Necr           0%         N/A       97%         2
 Wereblood                Tmut           0%         N/A       97%         2
 Confusing Touch          Hex            0%         N/A       99%         3
 Mephitic Cloud           Conj/Pois/Air  0%         N/A       99%         3
 Portal Projectile        Hex/Tloc       0%         N/A       99%         3
 Stone Arrow              Conj/Erth      0%         3d7       99%         3
 Swiftness                Air            0%         N/A       99%         3
 Tukima's Dance           Hex            0%         N/A       99%         3
 Animate Armour           Summ/Erth      0%         N/A       100%        4
 Fulminant Prism          Conj/Hex       0%         3d6       100%        4
 Hailstorm                Conj/Ice       0%         3d3       100%        4
 Ice Form                 Ice/Tmut       0%         N/A       100%        4
 Iskenderun's Mystic Bla  Conj/Tloc      0%         2d3       100%        4
 Leda's Liquefaction      Hex/Erth       0%         N/A       100%        4
 Olgreb's Toxic Radiance  Pois           0%         N/A       100%        4
 Passage of Golubria      Tloc           0%         N/A       100%        4
 Alistair's Intoxication  Tmut/Pois      0%         N/A       100%        5
 Blade Hands              Tmut           0%         N/A       100%        5
 Freezing Cloud           Conj/Ice/Air   0%         6-21      100%        5
 Lee's Rapid Deconstruct  Erth           0%         3d5*      100%        5
 Lightning Bolt           Conj/Air       0%         1d11      100%        5
 Yara's Violent Unravell  Hex/Tmut       0%         3d3       100%        5
 Conjure Ball Lightning   Conj/Air       0%         3x3d6     100%        6
 Dispersal                Tloc           0%         N/A       100%        6
 Enfeeble                 Hex            0%         N/A       100%        7
 Summon Hydra             Summ           0%         N/A       100%        7
 Disjunction              Tloc           0%         N/A       100%        8
 Lehudib's Crystal Spear  Conj/Erth      0%         10d2      100%        8
 Maxwell's Capacitive Co  Air            0%         ∞         100%        8
 Polar Vortex             Ice            0%         N/A       100%        9
 Simulacrum               Ice/Necr       Unusable   N/A       N/A         6

Dungeon Overview and Level Annotations

Branches:
Dungeon (15/15)            Temple (1/1) D:4            Lair (5/5) D:9
 Shoals (4/4) Lair:2       Spider (4/4) Lair:3        Slime (1/5) Lair:5
    Orc (2/2) D:10            Elf (0/3) Orc:2        Vaults (0/5) D:14
 Depths (2/4) D:15         Bailey (visited)           IceCv (visited)
Gauntlet (visited)

Altars:
Ashenzari
Cheibriados
Dithmenos
Elyvilon
Fedhas
Gozag
Hepliaklqana
Kikubaaqudgha
Makhleb
Nemelex Xobeh
Okawaru
Qazlal
Ru
Sif Muna
Trog
Uskayaw
Vehumet
Wu Jian
Xom
Yredelemnul
Zin
The Shining One

Shops:
D:3 *   D:6 :   D:13 *   Orc:2 ((*[   Shoals:3 =   Depths:1 *

Portals:
Hell: Depths:1 Depths:2
Abyss: Depths:2
Pandemonium: Depths:1
Ziggurat: Depths:2

Annotations:
D:8 3 runed translucent doors, experimilk's ghost, novice PaAK


Innate Abilities, Weirdness & Mutations

You have a pair of horns on your head.
You reflexively headbutt those who attack you in melee.
Your magical capacity is low. (-10% MP)
You are weak. (Str -2)


Message History

You are too injured to fight recklessly!
You are too injured to fight recklessly!
Unknown command.
You are too injured to fight recklessly!
You completely miss the ettin.
You headbutt the ettin, but do no damage.
The ettin is almost dead.
You block the ettin's attack. x2
You hit the ettin. You freeze the ettin.
The ettin is almost dead.
You hit the ettin. You freeze the ettin.
The ettin is almost dead.
You block the ettin's attack. x2
You slice the ettin!! You freeze the ettin.
You kill the ettin!
You slice the ettin!! You freeze the ettin!
The dead are walking!
You block the ettin's attack. The ettin barely misses you.
You slice the ettin!! You freeze the ettin!
The ettin is almost dead.
You block the ettin's attack. The ettin hits you but does no damage.
You hit the ettin but do no damage.
The ettin is almost dead.
The ettin hits you with a +2 dire flail of protection!
* * * LOW HITPOINT WARNING * * *
The ettin hits you with a +0 dire flail!
* * * LOW HITPOINT WARNING * * *
You slice the ettin!! You freeze the ettin.
You kill the ettin!
You start resting.
An ettin is nearby!
You start resting.
An ettin is nearby!
You rampage towards the ettin!
You block the ettin's attack.
The ettin hits you with a +0 dire flail!!
* * * LOW HITPOINT WARNING * * *
You hit the ettin. You freeze the ettin.
The ettin is lightly wounded.
The ettin hits you with a +0 dire flail!!
You die...
Your body rises from the dead as a mindless zombie.

...# #....Z.##..##.#
...###..8Z..##..##.#
#...##...#####'###.##
#...#....#.C...#....#
#...#....#.....#....#
.........'.....#....#
#........'.....))...#
.........'.....#C)).#
###......#.....#@...#
.........#.....#Z...#
.........#####'#..))#
).......8... #.#....#
.Z.......... #.#....#


ZZZZZ....... #.#....# ##ZZZ....... #.#..)[# ##Z........ #.#....# ZZ........
#.###'## You could see an ettin (ally target) and a friendly ettin zombie.

Vanquished Creatures
  2 juggernauts
  A golden dragon (Depths:1)
  3 hellephants (Depths:2)
  A lich (Depths:1)
  A tentacled monstrosity (Depths:1)
  An acid blob (Slime:1)
  Agnes (Spider:2)
  Gastronok (D:8)
  2 storm dragons (Depths:1)
  2 tengu reavers
  The ghost of Popparot the Eclecticist, an adept DgCj (Shoals:2)
  3 fire giants (Depths:1)
  5 frost giants
  Aizul (Spider:2)
  10 emperor scorpions
  Louise (Spider:4)
  5 ghost moths
  A cacodemon (Depths:1)
  A quicksilver ooze (Slime:1)
  11 very ugly things
  Nessos (Lair:5)
  A reaper (IceCv)
  A vampire knight (Depths:1)
  5 stone giants
  4 entropy weavers
  The ghost of FilthyApe the Basher, a journeyman HOFi of Gozag (Lair:2)
  A minotaur (Gauntlet)
  3 spark wasps
  The ghost of marklar909 the Cleaver, a journeyman PaFi of Makhleb (Lair:2)
  14 ettins
  A crystal guardian (Abyss:5)
  3 jiangshi (Depths:1)
  A fire dragon (shapeshifter) (D:15)
  10 merfolk impalers
  6 merfolk javelineers
  2 fire dragons
  A green death (Abyss:2)
  An ice dragon (Depths:2)
  2 vault guards (D:14)
  2 rakshasas
  2 spriggan air magi (Depths:1)
  3 boulder beetles
  A catoblepas (Lair:3)
  3 merfolk avatars
  2 jorogumos
  3 deep troll shamans (Depths:2)
  2 centaur warriors
  5 two-headed ogres
  7 hell hogs (Depths:2)
  A satyr (Shoals:4)
  14 death yaks
  A radroach (Spider:2)
  2 tengu warriors (Depths:2)
  4 deep troll earth magi
  4 merfolk aquamancers
  A spriggan berserker (Depths:1)
  A vampire mage (Depths:1)
  2 orc high priests (Orc:2)
  A hell knight (Depths:1)
  2 sun demons (Shoals:3)
  A titan skeleton (Abyss:5)
  A fire crab (Gauntlet)
  5 iron trolls
  13 sea snakes
  A sixfirhy (Abyss:5)
  A sun moth (Spider:3)
  8 pharaoh ants
  A spatial maelstrom (Abyss:5)
  7 steelbarb worms
  10 deep trolls
  2 orc knights
  A spriggan simulacrum (Depths:2)
  4 orb spiders
  2 glowing orange brains
  A deep elf pyromancer (D:13)
  2 necromancers
  An oklob plant (Shoals:4)
  3 wizards (D:14)
  23 wolf spiders
  A harpy (shapeshifter) (Depths:1)
  14 fauns
  19 ugly things
  A frost giant zombie (Depths:2)
  4 orc sorcerers
  10 cyclopes
  A fire giant zombie (Depths:2)
  14 manticores
  2 worldbinders
  10 merfolk sirens
  9 black mambas
  3 moths of wrath
  An apocalypse crab (Gauntlet)
  An iron dragon skeleton (Depths:2)
  A guardian serpent (Lair:5)
  3 elephants
  3 smoke demons
  9 water nymphs
  An ice statue (IceCv)
  7 torpor snails
  Psyche (D:8)
  Maurice (D:8)
  3 gargoyles
  4 demonic crawlers
  An unseen horror (D:12)
  11 cane toads
  3 yaktaurs (D:15)
  3 kobold demonologists
  4 rime drakes
  2 efreet
  10 komodo dragons
  2 freezing wraiths
  6 ice devils (IceCv)
  A tengu conjurer (Depths:1)
  A hellwing (Abyss:2)
  4 trolls
  An anaconda simulacrum (IceCv)
  A red devil (Depths:1)
  25 merfolk
  3 polar bears
  19 tarantellas
  A hornet (shapeshifter) (D:13)
  17 slime creatures
  A meliai (shapeshifter) (D:13)
  7 meliai
  2 hornets (Lair:5)
  3 raiju
  A tarantella (shapeshifter) (D:15)
  3 blink frogs (Lair:3)
  Grinder (D:3)
  4 wind drakes
  11 snapping turtles
  11 dream sheep
  A stone giant simulacrum (Depths:2)
  6 flying skulls (Abyss:4)
  A spriggan (Depths:1)
  13 jumping spiders
  24 culicivoras
  4 starcursed masses
  Sigmund (D:3)
  A dire elephant simulacrum (IceCv)
  11 wyverns
  9 water elementals
  2 shadows
  2 vampires
  4 large abominations
  2 wraiths
  42 yaks
  A hog (shapeshifter) (D:15)
  18 humans
  3 basilisks
  3 fire bats (Gauntlet)
  A chaos spawn (Abyss:5)
  5 vampire mosquitoes
  3 steam dragons
  37 redbacks
  A death yak simulacrum (IceCv)
  2 acid dragons
  A harpy simulacrum (IceCv)
  A glowing shapeshifter zombie (Depths:2)
  20 water moccasins
  An ice beast (D:5)
  21 orc warriors
  An ettin simulacrum (Depths:2)
  8 wolves (Lair:2)
  4 ogres (Orc:2)
  14 centaurs
  A phantom (D:6)
  6 kobold brigands
  2 gnoll sergeants
  A necrophage (D:7)
  9 bullfrogs
  2 small abominations (Abyss:5)
  A two-headed ogre simulacrum (IceCv)
  3 scorpions
  6 wights
  20 killer bees
  7 vampire bats (Bailey)
  An elephant simulacrum (IceCv)
  2 electric eels
  5 wolf zombies (Bailey)
  A hound (D:5)
  4 jellies (Lair:5)
  16 orc priests
  A gnoll bouda (D:7)
  2 iguanas (D:5)
  22 orc wizards
  A polar bear simulacrum (IceCv)
  A wolf simulacrum (IceCv)
  11 gnolls
  3 naga simulacra (IceCv)
  7 adders
  3 shadow imps
  14 white imps
  6 ufetubi
  2 worms
  A dart slug (D:1)
  62 orcs
  4 ball pythons
  11 endoplasms
  7 giant cockroaches
  9 hobgoblins
  32 kobolds
  2 quokkas
  7 bats
  3 frilled lizards
  11 goblins
  18 orc zombies (Bailey)
  9 rats
  A plant (Lair:5)
1150 creatures vanquished.

Vanquished Creatures (collateral kills)
  Josephina (Depths:2)
  A kraken (Shoals:3)
  A tengu reaver (Depths:1)
  An azure jelly (Slime:1)
  A stone giant (Depths:2)
  2 spark wasps (Depths:1)
  2 merfolk impalers
  A fire dragon (Depths:1)
  An ettin (Depths:2)
  A spriggan air mage (Depths:1)
  2 boulder beetles
  A catoblepas (Depths:2)
  A radroach (Spider:4)
  A merfolk aquamancer (Shoals:4)
  Erica (D:11)
  A satyr (Shoals:2)
  A satyr (shapeshifter) (Depths:1)
  4 death yaks
  A hell hog (Depths:2)
  A tengu warrior (D:13)
  2 pharaoh ants
  2 deep trolls (Depths:2)
  2 steelbarb worms
  A flayed ghost (Depths:1)
  4 orb spiders
  A sea snake (Shoals:4)
  An orc knight (Orc:1)
  3 harpies (Shoals:2)
  4 wolf spiders
  A necromancer (D:14)
  3 ugly things
  An orc sorcerer (Orc:2)
  5 manticores
  5 fauns
  5 elephants
  2 moths of wrath (Spider:3)
  A black mamba (Lair:5)
  2 merfolk sirens
  4 water nymphs
  5 demonic crawlers
  5 cane toads
  A redback zombie (Spider:2)
  A kobold demonologist (D:13)
  2 komodo dragons
  An ice devil (Depths:1)
  6 merfolk
  An ancient zyme (Abyss:5)
  8 tarantellas
  A hornet (Depths:1)
  2 wind drakes (Shoals:4)
  2 slime creatures
  10 dream sheep
  A frost giant simulacrum (Depths:2)
  2 snapping turtles
  6 jumping spiders
  3 culicivoras
  A ynoxinul (Depths:1)
  2 wyverns (Lair:5)
  13 yaks
  A water elemental (Shoals:3)
  7 humans
  A basilisk (Lair:5)
  A golden eye (Slime:1)
  7 redbacks
  A vampire mosquito (D:12)
  4 water moccasins
  A hydra simulacrum (IceCv)
  An ettin simulacrum (Depths:2)
  A centaur (D:15)
  A kobold brigand (D:13)
  A bullfrog (Lair:2)
  An electric eel (Spider:3)
  2 orc priests (Orc:2)
  2 orc wizards
  A troll simulacrum (IceCv)
  A spriggan simulacrum (IceCv)
  A naga simulacrum (IceCv)
  A white imp (Lair:3)
  An ufetubus (Abyss:2)
  2 orcs
  A kobold (D:9)
  4 bushes (Depths:1)
  A plant (Depths:1)
193 creatures vanquished.

Vanquished Creatures (others)
  A spectral tentacled monstrosity (Depths:1)
  A vampire knight (Depths:1)
  An acid blob zombie (Slime:1)
  5 very ugly thing zombies
  A spectral sixfirhy (Abyss:5)
  4 spriggan zombies
  A ghost moth zombie (Spider:4)
  4 spark wasp zombies
  A wizard (Gauntlet)
  2 wolf spider zombies
  2 hell hog zombies (Depths:2)
  3 ugly thing zombies
  A fire giant zombie (Depths:1)
  An elephant (Lair:5)
  A spectral rakshasa (Depths:1)
  5 death yak zombies
  4 sea snake zombies
  3 orb spider zombies (Spider:4)
  3 steelbarb worm zombies (Spider:4)
  7 redback zombies
  An iron troll zombie (Depths:2)
  A tengu simulacrum (Depths:2)
  A demonic crawler zombie (Spider:1)
  A spectral culicivora (Spider:4)
  3 tarantella zombies
  An ettin zombie (Depths:2)
  4 jumping spider zombies
  9 merfolk zombies
  6 deep troll zombies
  2 meliai zombies (Spider:2)
  4 culicivora zombies
  A culicivora (Spider:4)
  A black mamba zombie (Lair:5)
  A human (Lair:4)
  2 spectral ice devils (IceCv)
  3 water nymph zombies
  2 faun zombies (Shoals:1)
  A fire bat zombie (Gauntlet)
  A spectral red devil (Depths:1)
  4 manticore zombies
  A spectral smoke demon (Depths:1)
  2 dream sheep zombies (Lair:4)
  A spectral ynoxinul (Depths:1)
  A torpor snail zombie (Spider:4)
  A vampire mosquito zombie (D:11)
  A cyclops zombie (Shoals:1)
  A water moccasin zombie (Lair:5)
  5 wyvern zombies
  7 yak zombies
  A tengu zombie (Depths:1)
  2 wolf zombies (Lair:2)
  A centaur zombie (D:11)
  6 human zombies
  2 orc wizards (Orc:2)
  2 killer bee zombies
  31 orc zombies
  A spectral shadow imp (Gauntlet)
  2 spectral white imps (IceCv)
  3 orcs
  4 kobold zombies
  6 spectral ufetubi
  69 fungi
  286 plants
  4 tentacles (Shoals:3)
  6 withered plants (Lair:2)
546 creatures vanquished.

Grand Total: 1889 creatures vanquished

Notes
Turn   | Place    | Note
-------+----------+-------------------------------------------
     0 | D:1      | Manisian the Minotaur Fighter began the quest for the Orb.
     0 | D:1      | Reached XP level 1. HP: 19/19 MP: 0/0
   116 | D:1      | Got the Spellbook of Noxious Hurting
   169 | D:1      | Reached XP level 2. HP: 16/27 MP: 1/1
   833 | D:2      | Reached XP level 3. HP: 26/33 MP: 2/2
  1158 | D:2      | Reached skill level 3 in Axes
  1163 | D:2      | Found a faded altar of an unknown god.
  1499 | D:3      | Found Seqyfib's Assorted Antiques.
  1553 | D:3      | Reached XP level 4. HP: 31/40 MP: 3/3
  1556 | D:3      | Noticed Grinder
  1559 | D:3      | Paralysed by Grinder for 5 turns
  1567 | D:3      | Killed Grinder
  1568 | D:3      | Reached skill level 5 in Axes
  1568 | D:3      | Reached XP level 5. HP: 33/47 MP: 4/4
  1702 | D:3      | Identified the +8 war axe "Botsiacsah" {freeze, Dex+4 SInv}
  1839 | D:3      | Noticed Sigmund
  1844 | D:3      | Killed Sigmund
  1845 | D:3      | Reached skill level 5 in Fighting
  1845 | D:3      | Reached skill level 6 in Axes
  1845 | D:3      | Reached skill level 5 in Armour
  1845 | D:3      | Reached XP level 6. HP: 31/56 MP: 5/5
  2361 | D:4      | Found a glowing golden altar of the Shining One.
  2377 | D:4      | Reached XP level 7. HP: 61/61 MP: 6/6
  2386 | D:4      | Found a staircase to the Ecumenical Temple.
  2452 | D:4      | Reached skill level 5 in Shields
  2727 | D:4      | Reached skill level 7 in Axes
  2936 | D:4      | Found a sparkling altar of Nemelex Xobeh.
  3129 | Temple   | Entered the Ecumenical Temple
  3356 | D:5      | Entered Level 5 of the Dungeon
  4143 | D:6      | Reached skill level 8 in Axes
  4145 | D:6      | Reached XP level 8. HP: 70/70 MP: 7/7
  4292 | D:6      | Found Ydianuno's Book Emporium.
  4645 | D:6      | Found a shimmering altar of Xom.
  5062 | D:6      | Identified a scroll of acquirement
  5062 | D:6      | Acquired 992 gold pieces
  5419 | D:7      | Reached skill level 9 in Axes
  5536 | D:7      | Found a sacrificial altar of Ru.
  6116 | D:8      | Found a flagged portal.
  6200 | Bailey   | Entered a bailey
  6275 | Bailey   | Reached XP level 9. HP: 79/79 MP: 8/8
  6277 | Bailey   | Reached skill level 10 in Axes
  6280 | Bailey   | Reached skill level 1 in Dodging
  6320 | Bailey   | Got Cohotelus's Cyclopedia of the Turbulent Ground
  6734 | Bailey   | Noticed a gargoyle
  6744 | Bailey   | Killed a gargoyle
  6745 | Bailey   | Reached skill level 11 in Axes
  6799 | D:8      | Found a runed translucent gate.
  6800 | D:8      | Found a runed translucent gate.
  6801 | D:8      | Found a runed translucent gate.
  6801 | D:8      | Noticed experimilk's ghost (novice PaAK)
  6809 | D:8      | Noticed Gastronok
  6824 | D:8      | Killed Gastronok
  6825 | D:8      | Reached skill level 12 in Axes
  6825 | D:8      | Reached XP level 10. HP: 62/90 MP: 9/9
  6922 | D:8      | Noticed a boulder beetle
  6944 | D:8      | Killed a boulder beetle
  6945 | D:8      | Reached skill level 13 in Axes
  7043 | D:8      | Identified the +1 robe "Meofy" {rN+ rCorr Str-5}
  7059 | D:8      | Noticed Maurice
  7069 | D:8      | Killed Maurice
  7264 | D:8      | Found a shadowy altar of Dithmenos.
  7324 | D:8      | Noticed Psyche
  7339 | D:8      | Killed Psyche
  7340 | D:8      | Reached skill level 1 in Stealth
  7346 | D:8      | Noticed a cyclops
  7354 | D:8      | Killed a cyclops
  7356 | D:8      | Reached skill level 14 in Axes
  7709 | D:8      | Found an ornate altar of the Wu Jian Council.
  7709 | D:8      | Found a bloodstained altar of Trog.
  7710 | D:8      | Found an iron altar of Okawaru.
  7710 | D:8      | Found a basalt altar of Yredelemnul.
  7710 | D:8      | Found a shimmering blue altar of Sif Muna.
  7710 | D:8      | Found a white marble altar of Elyvilon.
  7712 | D:8      | Found an opulent altar of Gozag.
  7712 | D:8      | Found a hazy altar of Hepliaklqana.
  7712 | D:8      | Found a radiant altar of Vehumet.
  7718 | D:8      | Became a worshipper of Yredelemnul the Dark
  7828 | D:9      | Reached * piety under Yredelemnul
  8000 | D:9      | Noticed a two-headed ogre
  8005 | D:9      | Reached ** piety under Yredelemnul
  8011 | D:9      | Killed a two-headed ogre
  8011 | D:9      | Reached *** piety under Yredelemnul
  8012 | D:9      | Reached skill level 10 in Fighting
  8238 | D:9      | Found a staircase to the Lair.
  8437 | D:9      | Reached XP level 11. HP: 96/99 MP: 10/10
  8660 | D:10     | Entered Level 10 of the Dungeon
  8869 | D:10     | Noticed an orc knight
  8897 | D:10     | Found a staircase to the Orcish Mines.
  8901 | D:10     | HP: 2/101 [orc warrior/+0 battleaxe (26)]
  8905 | D:10     | Killed an orc knight
  9268 | D:10     | Reached skill level 10 in Armour
  9289 | D:10     | Noticed a two-headed ogre
  9296 | D:10     | Killed a two-headed ogre
  9314 | D:10     | Identified the +7 plate armour "Tytes" {rPois MP+9 Int+6
                  | Dex-3}
  9422 | D:10     | Noticed a two-headed ogre
  9428 | D:10     | Killed a two-headed ogre
  9431 | D:10     | Reached **** piety under Yredelemnul
  9433 | D:10     | Reached ***** piety under Yredelemnul
  9468 | D:10     | Noticed a two-headed ogre
  9470 | D:10     | Reached ****** piety under Yredelemnul
  9476 | D:10     | Killed a two-headed ogre
  9477 | D:10     | Reached skill level 15 in Axes
  9837 | Orc:1    | Entered Level 1 of the Orcish Mines
  9837 | Orc:1    | Noticed an orc knight
  9837 | Orc:1    | Noticed an orc knight
 10519 | D:11     | Noticed Erica
 10528 | D:11     | Killed Erica
 10859 | D:12     | Noticed a two-headed ogre
 10865 | D:12     | Killed a two-headed ogre
 10891 | D:12     | Reached XP level 12. HP: 89/111 MP: 11/11
 11105 | D:12     | Found an iron altar of Okawaru.
 11402 | D:12     | Reached skill level 16 in Axes
 11961 | D:13     | Found Sozathub's Assorted Antiques.
 11966 | D:13     | Bought a twisted citrine amulet for 125 gold pieces
 12453 | D:13     | Noticed a tengu warrior
 12464 | D:13     | Killed a tengu warrior
 12721 | D:13     | Noticed a boulder beetle
 12736 | D:13     | Killed a boulder beetle
 12855 | D:14     | Noticed a boulder beetle
 12866 | D:14     | Killed a boulder beetle
 12934 | D:14     | Reached XP level 13. HP: 50/123 MP: 12/12
 13263 | D:14     | Identified the +3 falchion of Manisian's Death {freeze,
                  | rPois rF- rC+}
 13483 | D:14     | Identified the +4 leather armour of the Equator {Drain Fly
                  | rElec Stlth+}
 13512 | D:14     | Reached skill level 17 in Axes
 13551 | D:14     | Found a gate to the Vaults.
 13898 | D:15     | Entered Level 15 of the Dungeon
 14064 | D:15     | Reached skill level 1 in Evocations
 14255 | D:15     | Noticed a brown very ugly thing
 14263 | D:15     | Killed a brown very ugly thing
 14264 | D:15     | Reached skill level 18 in Axes
 14285 | D:15     | Reached skill level 15 in Fighting
 14317 | D:15     | Found a staircase to the Depths.
 14329 | D:15     | Noticed a fire dragon
 14329 | D:15     | a wolf spider changed into a fire dragon
 14334 | D:15     | Killed a fire dragon
 15478 | Lair:1   | Entered Level 1 of the Lair of Beasts
 15492 | Lair:1   | Reached XP level 14. HP: 135/135 MP: 13/13
 15605 | Lair:1   | Reached skill level 1 in Invocations
 16330 | Lair:2   | Reached skill level 10 in Shields
 16369 | Lair:2   | Found a runed translucent gate.
 16370 | Lair:2   | Found a runed translucent gate.
 16370 | Lair:2   | Found a runed translucent gate.
 16371 | Lair:2   | Noticed FilthyApe's ghost (journeyman HOFi)
 16372 | Lair:2   | Noticed marklar909's ghost (journeyman PaFi)
 16680 | Lair:2   | Found a staircase to the Shoals.
 17061 | Lair:2   | Killed marklar909's ghost
 17064 | Lair:2   | Killed FilthyApe's ghost
 17073 | Lair:2   | Identified the ring of Ocuoblem {Drain rPois rF++ rN+
                  | Stlth+}
 17186 | Lair:3   | Found a hole to the Spider Nest.
 17369 | Lair:3   | Found a frozen archway.
 17394 | IceCv    | Entered an ice cave
 17468 | IceCv    | Reached skill level 19 in Axes
 17546 | IceCv    | Noticed a reaper
 17576 | IceCv    | Killed a reaper
 18751 | Lair:4   | Reached XP level 15. HP: 121/146 MP: 17/17
 18761 | Lair:4   | Reached skill level 5 in Invocations
 19688 | Lair:5   | Entered Level 5 of the Lair of Beasts
 19745 | Lair:5   | Identified the +1 ring mail "Ceh Cua" {Regen+ Int+4}
 20174 | Lair:5   | Found a staircase to the Slime Pits.
 20244 | Lair:5   | Noticed Nessos
 20276 | Lair:5   | Killed Nessos
 20407 | Lair:5   | Reached skill level 15 in Armour
 21045 | Orc:2    | Entered Level 2 of the Orcish Mines
 21065 | Orc:2    | Found a gate leading to a gauntlet.
 21084 | Orc:2    | Found a staircase to the Elven Halls.
 21090 | Orc:2    | Found a flickering gateway to a bazaar.
 21106 | Bazaar   | Entered a bazaar
 21120 | Bazaar   | Found Begej's Antique Weapon Shoppe.
 21120 | Bazaar   | Found Siruol's Book Emporium.
 21129 | Bazaar   | Bought a faintly glowing long sword for 170 gold pieces
 21129 | Bazaar   | Identified the +7 long sword "Zori" {flame, Contam rF+
                  | rCorr Dex+2} (You bought it in a shop in a bazaar)
 21140 | Bazaar   | Found Sius's Jewellery Shoppe.
 21140 | Bazaar   | Found Fanwobuo's Antique Armour Emporium.
 21145 | Bazaar   | Bought a distressingly furry plate armour for 504 gold
                  | pieces
 21145 | Bazaar   | Identified the +0 plate armour of the Sun {rF+ Int+4 Dex-2}
                  | (You bought it in a shop in a bazaar)
 21151 | Bazaar   | Bought an amulet of reflection for 390 gold pieces
 21172 | Bazaar   | Found Akassuc's Armour Shoppe.
 21181 | Bazaar   | Bought a scarf of resistance for 256 gold pieces
 21255 | Gauntlet | Entered a Gauntlet
 21255 | Gauntlet | Found a transporter.
 21255 | Gauntlet | Found a runed translucent door.
 21255 | Gauntlet | Found a transporter.
 21256 | Gauntlet | Found a runed translucent door.
 21257 | Gauntlet | Found a transporter.
 21258 | Gauntlet | Found a transporter.
 21277 | Gauntlet | Found a transporter.
 21280 | Abyss:2  | Cast into level 2 of the Abyss (a wizard)
 21525 | Abyss:4  | Found a transporter.
 21529 | Abyss:4  | Found a corrupted altar of Lugonu.
 21529 | Abyss:4  | Noticed a tentacled starspawn
 21529 | Abyss:4  | Noticed a bone dragon
 21530 | Abyss:4  | Noticed a tentacled monstrosity
 21530 | Abyss:4  | Noticed a tentacled starspawn
 21541 | Abyss:4  | Found a transporter.
 21569 | Abyss:5  | Found a corrupted altar of Lugonu.
 21629 | Abyss:5  | Noticed a bone dragon
 21651 | Abyss:5  | Noticed a tentacled monstrosity
 21660 | Abyss:5  | Noticed a tentacled monstrosity
 21661 | Abyss:5  | Got an abyssal rune of Zot
 21665 | Abyss:5  | Noticed a dread lich
 21704 | Gauntlet | Escaped the Abyss
 22166 | Gauntlet | Found a transporter.
 22178 | Gauntlet | Found a transporter.
 22178 | Gauntlet | Found a transporter.
 22182 | Gauntlet | Found a transporter.
 22182 | Gauntlet | Found a transporter.
 22230 | Gauntlet | Found a transporter.
 22230 | Gauntlet | Found a transporter.
 22273 | Gauntlet | Identified the +7 long sword of the Evil Eye {flame, rC+
                  | SInv}
 22273 | Gauntlet | Identified the ring of Gluttony {rF+++ rC- rN++ Str-5
                  | Dex+6}
 22275 | Gauntlet | Found the +3 giant club "Skullcrusher" {speed, Str+7}
 22281 | Gauntlet | Reached skill level 20 in Axes
 22306 | Gauntlet | Identified the +0 robe "Zywipi" {rElec rC+ Str+2}
 22457 | Orc:2    | Gained mutation: You are weak. (Str -2) [a neqoxec]
 22492 | Orc:2    | Found Qaoreppe's Armour Shoppe.
 22492 | Orc:2    | Found Saotudao's Weapon Emporium.
 22499 | Orc:2    | Found Jyomatta's Antique Weapon Emporium.
 22508 | Orc:2    | Found Soohi's General Store.
 22533 | Orc:2    | Bought 3 scrolls of enchant weapon for 382 gold pieces
 22533 | Orc:2    | Bought a scroll of enchant weapon for 127 gold pieces
 23190 | Spider:1 | Entered Level 1 of the Spider Nest
 23196 | Spider:1 | Reached XP level 16. HP: 157/157 MP: 20/20
 23250 | Spider:1 | Paralysed by a jorogumo for 2 turns
 24151 | Spider:2 | Noticed Agnes
 24160 | Spider:2 | Killed Agnes
 24327 | Spider:2 | Reached skill level 5 in Stealth
 24334 | Spider:2 | Your ally Agnes died
 24401 | Spider:2 | Noticed Aizul
 24413 | Spider:2 | Killed Aizul
 26226 | Spider:4 | Entered Level 4 of the Spider Nest
 26709 | Spider:3 | Reached XP level 17. HP: 149/168 MP: 1/22
 27309 | Spider:4 | Noticed Louise
 27720 | Spider:4 | Killed Louise
 27822 | Spider:4 | Reached skill level 21 in Axes
 28150 | Spider:4 | Reached skill level 15 in Shields
 28179 | Spider:4 | Your ally Louise died
 28235 | Spider:4 | Got a gossamer rune of Zot
 28607 | Shoals:1 | Entered Level 1 of the Shoals
 28764 | Shoals:1 | Reached skill level 10 in Invocations
 29911 | Shoals:2 | Found a runed translucent door.
 30073 | Shoals:2 | Noticed Popparot's ghost (adept DgCj)
 30594 | Shoals:2 | Reached skill level 1 in Long Blades
 30596 | Shoals:2 | Reached XP level 18. HP: 178/178 MP: 24/24
 31367 | Shoals:2 | Killed Popparot's ghost
 32406 | Shoals:3 | Found Boagg's Jewellery Emporium.
 32427 | Shoals:3 | Found an ornate altar of the Wu Jian Council.
 32724 | Shoals:4 | Entered Level 4 of the Shoals
 32941 | Abyss:5  | Cast into level 5 of the Abyss (merfolk)
 32976 | Abyss:5  | Noticed a hellephant
 32987 | Shoals:4 | Escaped the Abyss
 33244 | Shoals:4 | Reached skill level 5 in Long Blades
 33300 | Shoals:4 | Found a hazy altar of Hepliaklqana.
 33406 | Shoals:4 | Reached skill level 22 in Axes
 33904 | Shoals:4 | Got a barnacled rune of Zot
 34142 | Shoals:4 | Identified the +8 falchion "Minotaur's Doom" {venom, Dex+4}
 34387 | Shoals:4 | Got Sif Muna's Incunabulum of Fetid Coordinates
 34727 | Slime:1  | Entered Level 1 of the Pits of Slime
 35083 | Lair:5   | Gained mutation: Your magical capacity is low. (-10% MP)
                  | [mutagenic glow]
 35399 | Depths:1 | Entered Level 1 of the Depths
 35402 | Depths:1 | Noticed a tentacled monstrosity
 35415 | Depths:1 | Killed a tentacled monstrosity
 35793 | Depths:1 | Reached XP level 19. HP: 33/188 MP: 22/22
 36250 | Depths:1 | Found a one-way gate leading to the halls of Pandemonium.
 36458 | Depths:1 | Found Wicirig's Fire Supplies.
 36518 | Depths:1 | Paralysed by a vampire knight for 3 turns
 37109 | Depths:1 | Noticed a juggernaut
 37118 | Depths:1 | Killed a juggernaut
 37459 | Depths:1 | Found the +6 Majin-Bo {vamp, MP+6 Int+6}
 37715 | Depths:1 | Identified the ring of Eternal Harmony {rElec rF++ Will+
                  | Str+6 Int-4}
 37725 | Depths:1 | Noticed a golden dragon
 37734 | Depths:1 | Killed a golden dragon
 37829 | Depths:1 | Found a gateway to Hell.
 38478 | Depths:2 | Noticed a hellephant
 38478 | Depths:2 | Noticed a hellephant
 38478 | Depths:2 | Noticed a hellephant
 38509 | Depths:2 | Killed a hellephant
 38532 | Depths:2 | Killed a hellephant
 38534 | Depths:2 | Killed a hellephant
 38960 | Depths:2 | HP: 3/190 [ettin/+0 dire flail (10)]
 38967 | Depths:2 | Found a one-way gateway to a ziggurat.
 39895 | Depths:2 | Identified the ring of the Three Priests {Ice Str+5 Dex+2}
 39895 | Depths:2 | Noticed Josephina
 39909 | Depths:2 | Killed Josephina
 39910 | Depths:2 | Reached XP level 20. HP: 17/194 MP: 23/23
 39917 | Depths:2 | Found a one-way gate to the infinite horrors of the Abyss.
 40410 | Depths:2 | Reached skill level 23 in Axes
 40568 | Depths:2 | Identified the +3 bardiche of Peril {vorpal, +Blink rCorr
                  | Dex+4}
 40569 | Depths:2 | Noticed a juggernaut
 40582 | Depths:2 | Killed a juggernaut
 40652 | Depths:2 | Slain by an ettin

Illustrated notes

Levels and vault maps discovered:
D:1:      saegor_arrival_simple_c, layout_basic, item_on_display_a
D:2:      layout_rooms, shapermc_ecumenical_altar_mp_urbaneastern
D:3:      layout_rooms, serial_shops, nicolae_shop_stone, minmay_starry_boxes,
          uniq_grinder, uniq_sigmund
D:4:      layout_loops_ring, nemelex_dance_club_becter,
          mainiacjoe_overflow_tiny_flanked, temple_pool_b
D:5:      layout_loops_ring
D:6:      layout_gridville, amcnicky_altar_gilded, serial_shops,
          nicolae_shop_temple_entry_statues_fountains
D:7:      layout_loops_corners, nicolae_ru_awakened_eye
D:8:      layout_basic, marbit_many_paths, nicolae_overflows_in_rows,
          ebering_ghost_rock_garden, enter_bailey_5, hangedman_minor_gate_pass,
          uniq_gastronok, uniq_maurice, uniq_psyche
D:9:      layout_roguey, lair_entry_dummy
D:10:     layout_small_grid, david_orc_5
D:11:     layout_roguey, uniq_erica
D:12:     layout_basic, chequers_decorated_corner, minmay_misc_feat_iff,
          okawaru_humans
D:13:     layout_gridville, serial_shops, nicolae_stop_n_shop_2
D:14:     layout_long_grid, grunt_vaults_entry_tiered, grunt_ministairs_7
D:15:     gammafunk_enter_depths_forms, layout_layer_cave,
          grunt_decor_one_mirror
Temple:   nicolae_temple_bog_church
Lair:1:   layout_regular_city, lemuel_fruit_tree, grunt_megastairs_3
Lair:2:   layout_small_grid, minmay_shoals_entry_hut, gammafunk_ghost_cemetery
Lair:3:   layout_regular_city, hellmonk_spider_entry_not_the_bees,
          portal_ice_cave_entry_imps
Lair:4:   slaughterhouse, layout_gridlike, lookout_lair_type
Lair:5:   hangedman_lair_tendril_chambers, layout_gridlike,
          minmay_slime_entry_pillars, uniq_nessos
Shoals:1: layout_shoals, st_sunken_temple
Shoals:2: cheibrodos_shoals_roost, layout_shoals, ebering_ghost_reflecting_pool,
          nicolae_shoals_nymph_descending_staircase
Shoals:3: layout_shoals, lemuel_altar_in_water, nicolae_shoals_seven_spires,
          minmay_shop_enchanted_jewellery, nicolae_shoals_sun_and_surf
Shoals:4: shoals_end_simple, layout_shoals, lemuel_oklob_altar
Spider:1: layout_spider_delve
Spider:2: layout_spider_delve, uniq_aizul, uniq_agnes
Spider:3: layout_spider_delve
Spider:4: grunt_spider_rune_circles, uniq_louise
Slime:1:  layout_caves
Orc:1:    layout_caves, enter_volcano_4, uniq_nergalle
Orc:2:    st_orc_mages, layout_caves, gauntlet_entry_generic, basic_altar,
          serial_shops, freezing_bzr
Depths:1: layout_cave_shapes, kennysheep_boxes, rand_demon_pan_entry_8,
          hell_entry, nicolae_shop_fire_sale [nicolae_sub_dead_trees],
          minmay_swirly_circle
Depths:2: giant_chief_lemuel, layout_honeycomb, enter_ziggurat_b,
          lemuel_crystal_altar, grunt_hell_horde, rand_demon_pan_entry_4,
          abyss_entry_small_statue_room, minmay_misc_feat_tiny,
          nicolae_twisting_strands, uniq_josephina

Skill      XL: |  1  2  3  4  5  6  7  8  9 10 11 12 13 14 15 16 17 18 19 20 |
---------------+-------------------------------------------------------------+-----
Armour         | 4 5 6 7 8 9 10 12 13 14 15 16 17 18 | 18.5
Fighting       | 4 5 7 8 10 11 13 15 16 18 19 20 21 | 21.9
Shields        | 4 5 6 7 8 9 10 12 14 16 17 19 | 19.4
Axes           | 3 5 6 8 9 12 14 15 16 18 19 20 21 22 23 | 23.0
Dodging        | 1 2 3 |  3.4
Stealth        | 1 3 4 5 |  5.1
Evocations     | 1 |  1.1
Invocations    | 4 7 9 10 | 10.0
Long Blades    | 1 6 9 |  9.9

Action                   |  1- 3 |  4- 6 |  7- 9 | 10-12 | 13-15 | 16-18 | 19-21 || total
-------------------------+-------+-------+-------+-------+-------+-------+-------++-------
Melee: War axe           |    97 |    30 |   203 |   369 |   855 |  1084 |   402 ||  3040
       Headbutt          |    12 |     5 |    34 |    84 |   206 |   256 |   136 ||   733
       Long sword        |       |       |       |       |       |    14 |       ||    14
Invok: Bind Soul         |       |       |       |       |     1 |       |       ||     1
Evoke: Wand              |       |       |       |     2 |     1 |       |       ||     3
  Use: Scroll            |     6 |     3 |    12 |    11 |    16 |     9 |     9 ||    66
       Potion            |       |     2 |     2 |     4 |     9 |    10 |     2 ||    29
 Stab: Invisible         |       |       |       |     6 |     2 |     3 |       ||    11
       Distracted        |       |       |       |     1 |    11 |    22 |    12 ||    46
Armor: Scale mail        |    13 |       |       |       |       |       |       ||    13
       Plate armour      |    47 |    12 |   124 |   215 |   423 |   719 |   207 ||  1747
Dodge: Dodged            |    33 |     4 |    51 |   119 |   178 |   305 |    78 ||   768
Block: Buckler           |    20 |     8 |    54 |    82 |    30 |       |       ||   194
       Kite shield       |       |       |       |       |   329 |  1064 |   315 ||  1708
       Reflection        |       |       |       |       |       |    54 |     2 ||    56

Table legend: (Time is in decaauts)
 A = Elapsed time spent in this place.
 B = Non-inter-level travel time spent in this place.
 C = Inter-level travel time spent in this place.
 D = Time resting spent in this place.
 E = Time spent auto-exploring this place.
 F = Levels seen in this place.
 G = Mean time per level.
                   A        B        C        D        E       F      G
               +--------+--------+--------+--------+--------+-----+--------+
         Total |  40628 |  38568 |   2060 |   8989 |  20755 |  43 |  944.8 |
       Dungeon |  14934 |  13868 |   1066 |   1508 |   9667 |  15 |  995.6 |
        Temple |    208 |    177 |     31 |      0 |    167 |   1 |  208.0 |
          Lair |   5952 |   5411 |    541 |    830 |   3243 |   5 | 1190.4 |
        Shoals |   6242 |   6047 |    195 |   1793 |   2985 |   4 | 1560.5 |
   Spider Nest |   4817 |   4675 |    142 |   1483 |   2243 |   4 | 1204.2 |
    Slime Pits |     31 |     31 |      0 |      0 |      0 |   1 |   31.0 |
  Orcish Mines |   1128 |   1052 |     76 |      0 |    793 |   2 |  564.0 |
        Depths |   5159 |   5154 |      5 |   2834 |   1267 |   2 | 2579.5 |
         Abyss |    452 |    452 |      0 |      0 |     20 |   5 |   90.4 |
        Bazaar |    106 |    106 |      0 |      0 |      0 |   1 |  106.0 |
        Bailey |    591 |    591 |      0 |     33 |    369 |   1 |  591.0 |
      Ice Cave |    372 |    372 |      0 |     61 |      0 |   1 |  372.0 |
      Gauntlet |    632 |    632 |      0 |    447 |      0 |   1 |  632.0 |
               +--------+--------+--------+--------+--------+-----+--------+

Top non-repeatable levels by time:
Depths:1: 3988 daAuts
Spider:3: 2440 daAuts
Shoals:4: 1886 daAuts
Shoals:2: 1732 daAuts
  Lair:3: 1611 daAuts
Shoals:3: 1410 daAuts
    D:10: 1357 daAuts
    D:15: 1333 daAuts
  Lair:5: 1314 daAuts
Shoals:1: 1212 daAuts
  Lair:4: 1206 daAuts
Depths:2: 1170 daAuts
    D:12: 1118 daAuts
     D:8: 1093 daAuts
  Lair:2: 1080 daAuts
